 Dungeon Crawl Stone Soup version 0.23.2 (webtiles) character file.

Game seed: 14370650005704128813

103 greprep the Sneak (level 4, -15/24 HPs)
             Began as a Gargoyle Enchanter on Apr 13, 2019.
             Was an Initiate of Trog.
             Demolished by an ogre
             ... wielding a +0 giant club
              (22 damage)
             ... on level 3 of the Dungeon.
             The game lasted 00:10:40 (2575 turns).

greprep the Sneak (Gargoyle Enchanter)              Turns: 2575, Time: 00:10:41

Health: -15/24     AC:  5    Str: 12    XL:     4   Next: 79%
Magic:  7/7        EV: 12    Int: 16    God:    Trog [......]
Gold:   71         SH:  0    Dex: 10    Spells: 6/7 levels left

rFire    x . .     SeeInvis .   f - +0 spear
rCold    + + .     Gourm    .   (no shield)
rNeg     + . .     Faith    .   b - +0 robe
rPois    ∞         Spirit   .   (no helmet)
rElec    +         Reflect  .   q - scarf {repulsion}
rCorr    .         Harm     .   (no gloves)
MR       .....                  (no boots)
Stlth    ++........             (no amulet)
HPRegen  0.08/turn              i - ring of protection from cold
MPRegen  0.10/turn              m - ring of ice

@: repel missiles
A: negative energy resistance 1, electricity resistance, unbreathing,
petrification resistance, rot immunity, AC +3
a: Renounce Religion


You were on level 3 of the Dungeon.
You worshipped Trog.
Trog was noncommittal.
You were not hungry.

You visited 1 branch of the dungeon, and saw 3 of its levels.

You collected 71 gold pieces.

Inventory:

Hand Weapons
 f - a +0 spear (weapon)
Armour
 b - a +0 robe (worn)
 q - a scarf of repulsion (worn)
Jewellery
 i - a ring of protection from cold (left hand)
 m - a ring of ice (right hand)
Scrolls
 a - a scroll of teleportation {unknown}
 c - 2 scrolls of blinking
 h - a scroll of remove curse
 n - a scroll of immolation {unknown}
 o - a scroll of amnesia {unknown}
Potions
 g - a potion of invisibility {unknown}
 j - a potion of curing {unknown}
 k - a potion of resistance {unknown}
 l - a potion of ambrosia {unknown}
 p - a potion of heal wounds {unknown}
Comestibles
 d - 4 rations


   Skills:
 + Level 0.9 Fighting
   Level 0.8 Short Blades
 + Level 1.4 Polearms
 + Level 2.1 Dodging
 + Level 4.3 Stealth
 - Level 2.2 Spellcasting
 - Level 3.1 Hexes


You had 6 spell levels left.
You knew the following spells:

 Your Spells              Type           Power        Failure   Level  Hunger
a - Corona                Hex            ##.....      5%          1    #......

Your spell library contained the following spells:

 Spells                   Type           Power        Failure   Level  Hunger
 Ensorcelled Hibernation  Hex/Ice        ##....       16%         2    ###....
 Confuse                  Hex            ##......     17%         3    ###....
 Tukima's Dance           Hex            ##......     17%         3    ###....
 Dazzling Spray           Conj/Hex       #.....       32%         3    ###....


Dungeon Overview and Level Annotations

Branches:
Dungeon (3/15)

Altars:
Trog


Innate Abilities, Weirdness & Mutations

You are resistant to torment.
Your stone body is resilient. (AC +3)
You are immune to poison.
You resist negative energy. (rN+)
You are resistant to electric shocks. (rElec)
You can survive without breathing.
You are immune to petrification.
You are immune to rotting.


Message History

You hit the ogre but do no damage. The ogre barely misses you.
You hit the ogre.
The ogre is moderately wounded.
The ogre closely misses you.
You hit the ogre.
The ogre is moderately wounded.
The ogre closely misses you.
You hit the ogre.
The ogre is heavily wounded.
The ogre hits you with a +0 giant club!
Ouch! That really hurt!
* * * LOW HITPOINT WARNING * * *
Found 18 stones.
You see here a ration.
There is a stone staircase leading up here.
You barely miss the ogre.
The ogre is heavily wounded.
The ogre hits you with a +0 giant club!!
Ouch! That really hurt!
You die...

.##(.. ..... # ...# #.
#...## ####.######
#####......
#.........####......#
..........##...##..##
..........##.####%##
#........@O.......#
.......................#
.......)...[..########..
.......)†..####
##.).?......#
###...$[.#....
#............
.....######### ..####


You could see an ogre.

Vanquished Creatures
  3 gnolls (D:2)
  2 adders
  An ooze (D:1)
  A worm (D:2)
  2 leopard geckos
  3 bats
  A giant cockroach (D:2)
  4 goblins
  10 hobgoblins
  2 jackals (D:3)
  3 kobolds
  A quokka (D:2)
  5 frilled lizards
  10 rats
48 creatures vanquished.

Notes
Turn   | Place    | Note
-------+----------+-------------------------------------------
     0 | D:1      | greprep the Gargoyle Enchanter began the quest for the Orb.
     0 | D:1      | Reached XP level 1. HP: 10/10 MP: 3/3
   204 | D:1      | Reached XP level 2. HP: 15/15 MP: 5/5
   712 | D:1      | Reached XP level 3. HP: 17/19 MP: 6/6
  1191 | D:2      | Reached skill level 4 in Stealth
  1772 | D:2      | Reached XP level 4. HP: 24/24 MP: 7/7
  1935 | D:2      | Reached skill level 1 in Polearms
  2488 | D:2      | Found a bloodstained altar of Trog.
  2493 | D:2      | Became a worshipper of Trog the Wrathful
  2541 | D:3      | Noticed an ogre
  2575 | D:3      | Demolished by an ogre

Skill      XL: |  1  2  3  4 |
---------------+-------------+-----
Hexes          | 3 |  3.1
Dodging        | 2 |  2.1
Stealth        | 4 |  4.3
Polearms       | 1 |  1.4
Fighting       | |  0.9
Short Blades   | |  0.8
Spellcasting   | |  2.2

Action                   |  1- 3 |  4- 6 || total
-------------------------+-------+-------++-------
Melee: Dagger            |    13 |       ||    13
       Spear             |   110 |    68 ||   178
       Short sword       |       |     2 ||     2
 Cast: Corona            |     1 |       ||     1
  Use: Scroll            |       |     4 ||     4
 Stab: Sleeping          |     8 |     1 ||     9
  Eat: Ration            |     1 |     1 ||     2
Armor: Robe              |    49 |    11 ||    60
Dodge: Dodged            |    95 |    50 ||   145
